 Dungeon Crawl Stone Soup version 0.28.0-53-g5a82cb258f (webtiles) character file.

Game seed: 346955002286825973

9732 Infinimo the Basher (level 11, -2/127 HPs)
             Began as an Ogre Gladiator on May 28, 2022.
             Was a High Priest of Okawaru.
             Slain by a boulder beetle (25 damage)
             ... on level 9 of the Dungeon.
             The game lasted 00:16:41 (14252 turns).

Infinimo the Basher (Ogre Gladiator)               Turns: 14252, Time: 00:16:41

Health: -2/127     AC:  8    Str: 29    XL:     11   Next: 51%
Magic:  11/11      EV: 13    Int:  9    God:    Okawaru [*****.]
Gold:   779        SH:  0    Dex: 10    Spells: 10/10 levels left

rFire   . . .      SeeInvis +   q - +2 dire flail (freeze)
rCold   . . .      Faith    .   (shield currently unavailable)
rNeg    + . .      Spirit   .   B - +0 acid dragon scales
rPois   .          Reflect  .   c - +1 hat
rElec   .          Harm     .   (no cloak)
rCorr   +          Rampage  .   (gloves unavailable)
Will    +....                   (boots unavailable)
Stlth   +.........              a - amulet "Osueneuz" {Acrobat rN+ Str+5 SInv}
HPRegen 0.31/turn               s - +4 ring of evasion
MPRegen 0.12/turn               (no ring)

@: about to teleport, studying Evocations
A: large, unfitting armour, tough skin 1
a: Renounce Religion, Heroism, Finesse, Duel


You were on level 9 of the Dungeon.
You worshipped Okawaru.
Okawaru was extremely pleased with you.
You visited 2 branches of the dungeon, and saw 10 of its levels.
You also visited: Sewer.

You collected 779 gold pieces.

Inventory:

Hand Weapons
 g - a +0 giant spiked club
 q - a +2 dire flail of freezing (weapon)
Missiles
 l - 5 silver javelins (quivered)
 u - 16 poisoned darts
Armour
 c - a +1 hat (worn)
 B - +0 acid dragon scales (worn)
Jewellery
 a - the amulet "Osueneuz" (around neck) {Acrobat rN+ Str+5 SInv}
   (You acquired it on level 6 of the Dungeon)

   [amulet of the acrobat]

   It increases your evasion while moving and waiting.
   Str:       It affects your strength (+5).
   rN:        It protects you from negative energy.
   SInv:      It lets you see invisible.
 s - a +4 ring of evasion (left hand)
Wands
 r - a wand of flame (58)
 A - a wand of iceblast (5)
Scrolls
 d - 2 scrolls of magic mapping
 f - 5 scrolls of identify
 n - 2 scrolls of enchant weapon
 t - 2 scrolls of enchant armour
 w - a scroll of fog
Potions
 e - a potion of lignification
 h - 5 potions of curing
 i - 2 potions of magic
 j - 2 potions of might
 k - 2 potions of attraction
 m - 2 potions of degeneration
 p - a potion of flight
 z - a potion of brilliance


   Skills:
 + Level 13.5 Fighting
 * Level 13.5 Maces & Flails
 - Level 2.0 Throwing
 - Level 2.6 Dodging


You had 10 spell levels left.
You didn't know any spells.
Your spell library contained the following spells:

 Spells                   Type           Power      Damage    Failure   Level
 Ensorcelled Hibernation  Hex/Ice        0%         N/A       58%         2
 Static Discharge         Conj/Air       0%         N/A       58%         2
 Sublimation of Blood     Necr           0%         N/A       58%         2
 Wereblood                Tmut           0%         N/A       58%         2
 Confusing Touch          Hex            0%         N/A       82%         3
 Ozocubu's Armour         Ice            0%         N/A       82%         3
 Spider Form              Tmut/Pois      0%         N/A       82%         3
 Anguish                  Hex/Necr       0%         N/A       99%         4
 Cause Fear               Hex            0%         N/A       99%         4
 Lightning Bolt           Conj/Air       0%         1d11      100%        5
 Metabolic Englaciation   Hex/Ice        0%         N/A       100%        5
 Yara's Violent Unravell  Hex/Tmut       0%         3d3       100%        5
 Dragon Form              Tmut           0%         N/A       100%        7
 Enfeeble                 Hex            0%         N/A       100%        7
 Maxwell's Capacitive Co  Air            0%         ∞         100%        8
 Simulacrum               Ice/Necr       Unusable   N/A       N/A         6
 Summon Hydra             Summ           Unusable   N/A       N/A         7
 Dragon's Call            Summ           Unusable   N/A       N/A         9

Dungeon Overview and Level Annotations

Branches:
Dungeon (9/15)             Temple (1/1) D:5           Sewer (visited)
   Lair: D:8-11         Orc: D:9-12

Altars:
Ashenzari
Cheibriados
Dithmenos
Elyvilon
Fedhas
Gozag
Hepliaklqana
Kikubaaqudgha
Makhleb
Nemelex Xobeh
Okawaru
Qazlal
Ru
Sif Muna
Trog
Uskayaw
Vehumet
Wu Jian
Xom
Yredelemnul
Zin
The Shining One
Beogh

Annotations:
D:8 3 runed translucent doors, Faeu's ghost, novice MiBe


Innate Abilities, Weirdness & Mutations

You are too large for most types of armour.
You have tough skin. (AC +1)


Message History

The deep elf pyromancer hits you but does no damage.
You puncture the deep elf pyromancer! You freeze the deep elf pyromancer.
You kill the deep elf pyromancer!
Okawaru accepts your kill.
The fire elemental disappears in a puff of smoke! x2
You are covered in liquid flames!
Unknown command.
Unknown command.
You are covered in liquid flames!
The boulder beetle leaps!
Things that are here:
a +0 long sword; an elf corpse You hit the boulder beetle but do no damage.
The boulder beetle bites you but does no damage.
You completely miss the boulder beetle. The boulder beetle bites you!!
You hit the boulder beetle. You freeze the boulder beetle.
The boulder beetle is lightly wounded.
An efreet comes into view.
It is wielding a +4 scimitar of flaming.
You hit the boulder beetle. You freeze the boulder beetle.
The boulder beetle is lightly wounded.
The boulder beetle bites you!!
You sock the boulder beetle! You freeze the boulder beetle.
The boulder beetle is moderately wounded.
As you read the scroll of teleportation, it crumbles to dust.
You feel strangely unstable. The boulder beetle bites you!
* * * LOW HITPOINT WARNING * * *
A manticore comes into view.
The efreet hits you with a +4 scimitar of flaming!
* * * LOW HITPOINT WARNING * * *
The efreet burns you.
* * * LOW HITPOINT WARNING * * *
Unknown command.
You feel much better. The boulder beetle bites you!
* * * LOW HITPOINT WARNING * * *
The manticore is engulfed in blazing flames.
The efreet closely misses you.
You puncture the boulder beetle! You freeze the boulder beetle.
The boulder beetle is heavily wounded.
The boulder beetle bites you!!
You die...

.#..##_..##..#...# #.#.#.#.#.#.#.
.#...#...#...#...###.#.#.#.#.#.#.
.....##..#...).#.................
.#...##.##...#.##..#.#.#.#.#.#.#.
.#....#.#..).#.|...#.#.#.#.#.#.#.
.##..)#.#...####)#####.#.#.#.###.
..##.......###.....###[#.#.#.##..
#..##.....###.#####.####.#.###..#
##..###.####.##R@B##.####.###..##
##.# #.# #.##°###.##.#.....#.##
#.###.####.## ##.#.#.....#.#
###........##.# #.#.........#
....###.###.#.## ##.#.#.....#.###
##..# #.# #.##.###.##.#.....#...#
##..###.####.##)..##.####.###....
#..##.#.#.###.#####.###..#..##...
..##.#.#.#.###.....###..#.#..##..


You could see a boulder beetle and an efreet.

Vanquished Creatures
  A centaur warrior (D:9)
  A two-headed ogre (D:7)
  Pikel (D:6)
  2 deep elf pyromancers (D:9)
  A cyclops (D:9)
  A kobold demonologist (D:9)
  An efreet (D:9)
  A troll (D:9)
  Grinder (D:6)
  A hornet (D:7)
  A shadow (D:9)
  Sigmund (D:2)
  A vampire (D:9)
  A wraith (D:9)
  A yak (D:9)
  4 wyverns
  2 steam dragons (D:8)
  6 vampire mosquitoes (D:8)
  2 acid dragons (D:9)
  2 black bears
  An ice beast (D:7)
  5 orc warriors
  A hornet zombie (D:8)
  A centaur (D:9)
  2 kobold brigands (D:9)
  4 bullfrogs
  10 killer bees
  10 wights
  7 howler monkeys
  A centaur zombie (D:5)
  A bullfrog skeleton (D:7)
  A centaur skeleton (D:7)
  2 orc priests
  A hound (D:6)
  5 jellies
  2 iguanas
  A scorpion zombie (D:5)
  A gnoll shaman (D:6)
  10 orc wizards
  2 killer bee zombies
  A centaur simulacrum (D:9)
  Robin (D:3)
  A howler monkey zombie (D:9)
  6 adders
  9 gnolls
  2 river rats (Sewer)
  An ufetubus (D:6)
  A dart slug (D:2)
  17 orcs
  5 ball pythons
  14 endoplasms
  5 giant cockroaches
  8 hobgoblins
  18 kobolds
  A quokka (D:2)
  6 bats
  5 frilled lizards
  13 goblins
  5 rats
219 creatures vanquished.

Notes
Turn   | Place    | Note
-------+----------+-------------------------------------------
     0 | D:1      | Infinimo the Ogre Gladiator began the quest for the Orb.
     0 | D:1      | Reached XP level 1. HP: 22/22 MP: 1/1
   461 | D:1      | Reached XP level 2. HP: 18/31 MP: 2/2
  1573 | D:2      | Reached XP level 3. HP: 37/37 MP: 3/3
  1576 | D:2      | Noticed Sigmund
  1593 | D:2      | Killed Sigmund
  1594 | D:2      | Reached XP level 4. HP: 21/49 MP: 4/4
  1594 | D:2      | Reached XP level 5. HP: 24/55 MP: 5/5
  1989 | D:2      | Found a faded altar of an unknown god.
  2153 | D:2      | Reached skill level 5 in Maces & Flails
  2677 | D:3      | Reached skill level 5 in Fighting
  2683 | D:3      | Found a glowing drain.
  2710 | D:3      | Reached XP level 6. HP: 66/66 MP: 6/6
  2716 | Sewer    | Entered a sewer
  2994 | Sewer    | Found a viscous altar of Jiyva.
  3347 | D:3      | Found an iron altar of Okawaru.
  3365 | D:3      | Became a worshipper of Warmaster Okawaru
  3437 | D:3      | Noticed Robin
  3477 | D:3      | Killed Robin
  3864 | D:4      | Found a shimmering blue altar of Sif Muna.
  3869 | D:4      | Found a glowing golden altar of the Shining One.
  3874 | D:4      | Found a basalt altar of Yredelemnul.
  3877 | D:4      | Found a snail-covered altar of Cheibriados.
  3879 | D:4      | Found a burning altar of Makhleb.
  3884 | D:4      | Found an opulent altar of Gozag.
  4301 | D:4      | Reached XP level 7. HP: 74/74 MP: 7/7
  4635 | D:4      | Paralysed by a gnoll for 3 turns
  4642 | D:4      | Paralysed by a gnoll for 7 turns
  4656 | D:5      | Entered Level 5 of the Dungeon
  5876 | D:4      | Reached * piety under Okawaru
  6053 | D:5      | Reached XP level 8. HP: 47/87 MP: 8/8
  6536 | D:5      | Found a staircase to the Ecumenical Temple.
  6612 | Temple   | Entered the Ecumenical Temple
  7079 | D:6      | Noticed Pikel
  7090 | D:6      | Killed Pikel
  7090 | D:6      | Reached ** piety under Okawaru
  8070 | D:6      | Noticed Grinder
  8087 | D:6      | Killed Grinder
  8088 | D:6      | Reached XP level 9. HP: 48/96 MP: 9/9
  8780 | D:6      | Identified a scroll of acquirement
  8780 | D:6      | Acquired the amulet "Osueneuz" {Acrobat rN+ Str+5 SInv}
  9056 | D:7      | Reached *** piety under Okawaru
  9136 | D:7      | Noticed a hornet
  9143 | D:7      | Killed a hornet
  9300 | D:7      | Reached skill level 10 in Maces & Flails
  9832 | D:8      | Noticed a two-headed ogre
  9843 | D:7      | Killed a two-headed ogre
  9843 | D:7      | Reached **** piety under Okawaru
  9844 | D:7      | Reached skill level 10 in Fighting
 10026 | D:8      | Reached XP level 10. HP: 99/110 MP: 10/10
 10098 | D:8      | Found a runed translucent gate.
 10098 | D:8      | Found a runed translucent gate.
 10099 | D:8      | Found a runed translucent gate.
 10100 | D:8      | Identified the +0 chain mail "Fulymadgh" {rN++ Will- MP+9
                  | SInv}
 10104 | D:8      | Noticed Faeu's ghost (novice MiBe)
 10758 | D:8      | Reached ***** piety under Okawaru
 11587 | D:9      | Found a shimmering blue altar of Sif Muna.
 11661 | D:9      | Noticed a kobold demonologist
 12033 | D:9      | Killed a kobold demonologist
 12261 | D:9      | Noticed a cyclops
 12425 | D:9      | Killed a cyclops
 12472 | D:9      | Identified the +7 hunting sling of Chaos {flame, Contam
                  | rPois Str+6 Stlth+}
 12477 | D:9      | Reached XP level 11. HP: 124/124 MP: 11/11
 12483 | D:9      | Identified the +11 trident "Zapedof" {venom, rF+ rN+ Str+4}
 12680 | D:9      | Identified the +0 tower shield of Foolhardiness {rElec
                  | Str-2 Int+8} (Okawaru gifted it to you on level 9 of the
                  | Dungeon)
 12680 | D:9      | Received a gift from Okawaru
 12685 | D:9      | Noticed a deep elf pyromancer
 12685 | D:9      | Noticed a centaur warrior
 12687 | D:9      | HP: 1/124 [centaur warrior/arrow (16)]
 12688 | D:9      | Noticed a centaur warrior
 13295 | D:9      | Killed a deep elf pyromancer
 13707 | D:9      | Killed a centaur warrior
 14234 | D:9      | Noticed a deep elf pyromancer
 14235 | D:9      | Noticed a boulder beetle
 14243 | D:9      | Killed a deep elf pyromancer
 14250 | D:9      | Noticed a manticore
 14252 | D:9      | Slain by a boulder beetle

Illustrated notes

Levels and vault maps discovered:
D:1:      minmay_arrival_four_circles, layout_basic
D:2:      layout_basic, shapermc_ecumenical_altar_petra,
          chequers_serial_rivers_room_b, minmay_circle_x, uniq_sigmund
D:3:      layout_basic, kennysheep_okawaru_gauntlet,
          cheibrodos_sewer_entry_drain, uniq_robin
D:4:      layout_gridville, nicolae_overflow_hallway_of_the_gods
D:5:      layout_rooms, minmay_temple_entry_offerings, guppyfry_early_orc_mine
D:6:      layout_loops_corners, uniq_grinder, uniq_pikel
D:7:      layout_loops_ring, nicolae_sextant
D:8:      layout_loops_corners, biasface_ghost_orc_armoury
D:9:      minmay_the_grid_octo_tiled_octocenter
          [minmay_the_grid_octo_fat_diamond, minmay_the_grid_octo_checkered,
          minmay_the_grid_octo_vomiting_pacman, minmay_the_grid_octo_teeth,
          minmay_the_grid_octo_prize_single_spiral,
          minmay_the_grid_square_5x5_z, minmay_the_grid_square_5x5_plus,
          minmay_the_grid_square_5x5_inset, minmay_the_grid_square_5x5_dogpile],
          layout_rooms
Temple:   minmay_freezing_vapour_temple

Skill      XL: |  1  2  3  4  5  6  7  8  9 10 11 |
---------------+----------------------------------+-----
Fighting       | 3 4 5 7 9 10 12 13 | 13.5
Maces & Flails | 3 4 5 7 9 10 12 13 | 13.5
Throwing       | |  2.0
Dodging        | |  2.6

Action                   |  1- 3 |  4- 6 |  7- 9 | 10-12 || total
-------------------------+-------+-------+-------+-------++-------
Melee: Flail             |    59 |   148 |   157 |       ||   364
       Punch             |       |     3 |     2 |       ||     5
       Dire flail        |       |       |    67 |   254 ||   321
Throw: Javelin           |     5 |     9 |    17 |       ||    31
       Throwing net      |     1 |       |     2 |       ||     3
Evoke: Wand              |       |       |     1 |       ||     1
  Use: Potion            |     2 |     1 |     6 |     4 ||    13
       Scroll            |       |    14 |     7 |     7 ||    28
 Stab: Sleeping          |       |     1 |       |     1 ||     2
       Invisible         |       |       |     1 |       ||     1
Armor: Robe              |    14 |    60 |    43 |    14 ||   131
       Skin              |     2 |       |       |       ||     2
       Acid dragon scale |       |       |       |    32 ||    32
Dodge: Dodged            |    24 |    91 |   135 |   148 ||   398
